 Dungeon Crawl Stone Soup version 0.32-a0-576-g706899e69d (webtiles) character file.

Game seed: 4882537345507686957

8 croobank the Sneak (level 2, -2/16 HPs)
             Began as a Felid Delver on Mar 1, 2024.
             Killed by divine providence
             ... invoked by an orc priest
              (14 damage)
             ... on level 3 of the Dungeon.
             The game lasted 00:02:04 (251 turns).

croobank the Sneak (Felid Delver)                    Turns: 251, Time: 00:02:05

Health: -2/16      AC:  1    Str:  8    XL:     2   Next: 0%
Magic:  3/3        EV: 18    Int: 13    God:
Gold:   64         SH:  0    Dex: 17    Spells: 1/1 levels left
                                        Lives:  0   Deaths: 1

rFire   . .          .
                       - Unarmed
rCold   . . .        (shield unavailable)
rNeg    . . .        (body armour unavailable)
rPois   .            (helmet unavailable)
rElec   .            (cloak unavailable)
rCorr   .            (gloves unavailable)
SInv    +            (boots unavailable)
Will    .....        (no amulet)
Stlth   ++++         (no ring)
HPRegen 0.22/turn    (no ring)
MPRegen 0.08/turn

%: no passive effects
@: no status effects
A: very small, claws 1, fangs 3, see invisible, shaggy fur 1, stealthy paws, no
weapons or thrown items, no armour, multi-lived
a: Convert to Beogh


You were on level 3 of the Dungeon.
You visited 1 branch of the dungeon, and saw 3 of its levels.

You collected 64 gold pieces.

Inventory:

Wands
 e - a wand of digging (3)
 f - a wand of roots (6)
Scrolls
 a - a scroll of fog
 b - a scroll of revelation
 c - a scroll of amnesia {unknown}
Potions
 d - a potion of haste
 g - 2 potions of heal wounds {unknown}


   Skills:
 + Level 3.1 Fighting
 + Level 3.0 Dodging
 + Level 6.7 Stealth
 + Level 2.2 Unarmed Combat


You had one spell level left.
You didn't know any spells.
Your spell library was empty.

Dungeon Overview and Level Annotations

Branches:
Dungeon (5/15)
 Temple: D:4-7

Altars:


Innate Abilities, Weirdness & Mutations

You have sharp claws.
You have razor-sharp teeth.
You have supernaturally acute eyesight. (SInv)
You are covered in fur. (AC +1)
Your paws help you pounce on unaware monsters.
You are incapable of wielding weapons or throwing items.
You cannot wear armour.
You gain extra lives every three experience levels.


Message History

You are electrocuted!!
Ouch! That really hurt!
You die...
You rejoin the land of the living...
Aiming: Fastroot
Press: ? - help, Shift-Dir - straight line The roots erupt in riotous growth!
Roots grab the orc.
The grasping roots constrict the orc!
You kill the orc!
You hear a shout!
Your Dodging skill increases to level 3!
You have reached level 2!
An orc comes into view. It is wielding a +0 dagger.
A hobgoblin comes into view.
An orc wizard comes into view. It is wielding a +0 dagger.
The hobgoblin moves out of view.
Aiming: Fastroot
Press: ? - help, Shift-Dir - straight line, f - orc priest
Aim: an orc priest, wielding a +0 dagger and wearing a +0 ring mail The roots erupt in riotous growth!
The orc shouts!
Roots grab the orc.
The orc wizard shouts!
Roots grab the orc wizard.
Roots grab the orc priest.
The grasping roots constrict the orc.
The grasping roots constrict the orc wizard.
The grasping roots constrict the orc priest.
You hear a shout!
The orc wizard escapes!
The orc hits you with a +0 dagger.
Okay, then.
You scratch the orc but do no damage.
The orc is severely wounded.
The grasping roots constrict the orc.
You kill the orc!
The grasping roots constrict the orc priest!
The orc priest invokes the aid of Beogh against you.
Beogh smites you!
Ouch! That really hurt!
You die...

.......>.........#
.....##.#...###.##..
.. .........#.....
...########...##..
..## ###..... . ..##
#.##.. ..# #.)...
#.######.########..#..
#..o)@................
#..o####.#######....#.
#.g #...## #....#. #.
###..####.....# #
##...........
#####.#.#### #...# #
##..## # ##..###


You could see an orc priest (rooted), an orc wizard and a hobgoblin.

Vanquished Creatures
  2 orcs (D:3)
  2 endoplasms (D:3)
  A hobgoblin (D:3)
  2 ball pythons (D:3)
7 creatures vanquished.

Notes
Turn   | Place    | Note
-------+----------+-------------------------------------------
     0 | D:5      | croobank the Felid Delver began the quest for the Orb.
     0 | D:5      | Reached XP level 1. HP: 12/12 MP: 2/2
    40 | D:5      | Noticed a steam dragon
   145 | D:3      | Noticed an orc priest
   183 | D:3      | Demolished by an orc
   183 | D:3      | Lost a life (0 lives remaining)
   225 | D:3      | Reached XP level 2. HP: 16/16 MP: 3/3
   251 | D:3      | Killed from afar by an orc priest

Illustrated notes

Levels and vault maps discovered:
D:3:      cheibrodos_fertilizer, layout_rooms,
          mainiacjoe_overflow_concentric_impassable, uniq_robin
D:4:      layout_basic, lemuel_crystal_altar,
          mainiacjoe_overflow_catch_the_wave, lemuel_temple_firewalk_b,
          serial_aquarium, aquarium_bridge_straight [aquarium_subvault_bridge,
          aquarium_subvault_window, aquarium_subvault_bridge,
          aquarium_subvault_wall], aquarium_window_fake, aquarium_window_1,
          aquarium_view_2c, aquarium_view_2c, aquarium_balcony_1b,
          aquarium_pool_side, uniq_pikel, uniq_menkaure, uniq_crazy_yiuf_cottage
D:5:      layout_cave_pools, nicolae_overflow_hidden_temple,
          kennysheep_generic_room_13

Skill      XL: |  1 |
---------------+----+-----
Dodging        | 3 |  3.0
Fighting       | |  3.1
Stealth        | |  6.7
Unarmed Combat | |  2.2

Action                     || total
---------------------------++-------
  Melee: Unarmed           ||    12
         Bite              ||     4
  Evoke: Wand              ||     2
    Use: Scroll            ||     1
   Stab: Sleeping          ||     3
 Armour: Skin              ||     3
  Dodge: Dodged            ||     4

Table legend: (Time is in decaauts)
 A = Elapsed time spent in this place.
 B = Non-inter-level travel time spent in this place.
 C = Inter-level travel time spent in this place.
 D = Time resting spent in this place.
 E = Time spent auto-exploring this place.
 F = Levels seen in this place.
 G = Mean time per level.
                   A        B        C        D        E       F      G
               +--------+--------+--------+--------+--------+-----+--------+
         Total |    249 |    243 |      6 |      0 |     66 |   3 |   83.0 |
       Dungeon |    249 |    243 |      6 |      0 |     66 |   3 |   83.0 |
               +--------+--------+--------+--------+--------+-----+--------+

Top non-repeatable levels by time:
     D:3: 188 daAuts
     D:5: 54 daAuts
     D:4: 6 daAuts
